 Dungeon Crawl Stone Soup version 0.32-a0-931-g5a2cda0630 (webtiles) character file.

Game seed: 9006574606297018824

255 GiantSquids the Changeling (level 6, -1/38 HPs)
             Began as an Octopode Shapeshifter on Apr 13, 2024.
             Slain by an orc priest
             ... wielding a +0 hand axe
              (4 damage)
             ... on level 3 of the Dungeon.
             The game lasted 00:03:01 (1738 turns).

GiantSquids the Changeling (Octopode Shapeshifter)  Turns: 1738, Time: 00:03:01

Health: -1/38      AC:  1    Str: 16    XL:     6   Next: 15%
Magic:  6/6        EV: 12    Int: 12    God:
Gold:   164        SH:  0    Dex: 11    Spells: 5/5 levels left

rFire   . . .        j - +1 dagger (vamp)
rCold   . . .        (no shield)
rNeg    . . .        (helmet currently unavailable)
rPois   +            (no amulet)
rElec   .            m - ring of poison resistance
rCorr   .            (no ring)
SInv    .            (no ring)
Will    .....        (no ring)
Stlth   ++           (no ring)
HPRegen 0.26/turn    (no ring)
MPRegen 0.10/turn    (no ring)
                     (no ring)

%: no passive effects
@: beast-form
A: beast (slay +3), almost no armour, amphibious, 8 rings, camouflage 1,
gelatinous body 1, (nimble swimmer 1), tentacles
a: Begin Untransformation, Convert to Beogh


You were on level 3 of the Dungeon.
You were a hulking beast.
You visited 1 branch of the dungeon, and saw 3 of its levels.

You collected 164 gold pieces.

Inventory:

Hand Weapons
 j - a +1 vampiric dagger (weapon)
Missiles
 q - 14 poisoned darts (quivered)
Jewellery
 m - a ring of poison resistance (left tentacle)
Talismans
 b - a beast talisman (active)
 c - a flux talisman
Wands
 r - a wand of iceblast (7)
Scrolls
 d - 4 scrolls of identify {unknown}
 f - 2 scrolls of noise {unknown}
 h - a scroll of amnesia {unknown}
 i - a scroll of fog {unknown}
 k - 3 scrolls of immolation {unknown}
Potions
 a - 2 potions of lignification
 e - 3 potions of curing {unknown}
 g - 2 potions of resistance {unknown}
 l - 2 potions of might {unknown}
 n - a potion of mutation {unknown}
 o - a potion of berserk rage {unknown}
 p - a potion of enlightenment {unknown}


   Skills:
 - Level 1.0 Fighting
 - Level 2.0 Dodging
 - Level 4.3 Unarmed Combat
 + Level 5.5 Shapeshifting


You had 5 spell levels left.
You didn't know any spells.
Your spell library contained the following spells:

 Spells                   Type           Power      Damage    Failure   Level
 Chain Lightning          Conj/Air       0%         N/A       100%        9
 Fire Storm               Conj/Fire      0%         5d1       100%        9
 Shatter                  Erth           0%         3d5*      100%        9


Dungeon Overview and Level Annotations

Branches:
Dungeon (3/15)

Altars:

Annotations:
D:3 3 runed translucent doors, Terence; gribnar's ghost, weakling DESu


Innate Abilities, Weirdness & Mutations

You are a hulking beast.
Your limbs bulge with bestial killing power. (Slay +3)
You cannot wear most types of armour.
You are amphibious.
You can wear up to eight rings at the same time.
Your skin changes colour to match your surroundings (Stealth+).
Your rubbery body absorbs attacks. (AC +1, EV +1)
((You are camouflaged when in or above water. (Stealth+)))
You have tentacles for arms and can constrict up to eight enemies at once.


Message History

The orc priest is lightly wounded.
The orc priest mumbles some strange prayers to Beogh against you.
Pain shoots through your body!
The orc priest shouts, "Beogh offers mercy even to people such as you.
Join us and be reborn!" (press Y on the ability menu to convert to Beogh)
You hit the orc priest. You grab the orc priest. You squeeze the orc priest!
The orc priest is almost dead.
You constrict the orc priest.
You kill the orc priest!
You have reached level 6!
You barely miss the orc. You grab the orc. You constrict the orc.
The orc hits you with a +0 dagger.
You hit the orc.
You kill the orc!
You closely miss the orc. Your grab misses the orc.
The orc hits you with a +0 whip.
You barely miss the orc. You grab the orc. You constrict the orc.
The orc misses you.
You hit the orc.
You feel better.
You kill the orc!
The orc priest shouts, "The Pantheon deserves no one's loyalty.
Let us show you the true path!"
The orc priest calls down the wrath of Beogh upon you.
Beogh smites you!
* * * LOW HITPOINT WARNING * * *
You hear a shout! x2
You hit the orc.
You feel better.
Your grab misses the orc. You squeeze the orc.
You kill the orc!
The orc priest shouts, "The Pantheon deserves no one's loyalty.
Let us show you the true path!"
The orc priest looks braver for a moment.
The orc priest hits you with a +0 hand axe!
* * * LOW HITPOINT WARNING * * *
The orc hits you with a +0 club.
* * * LOW HITPOINT WARNING * * *
Items here: )))) [[ †.
You hit the orc priest. You grab the orc priest.
The orc priest is heavily wounded.
You constrict the orc priest.
The orc priest hits you with a +0 hand axe.
You die...

# ## ### ###### ..
.o.. ....## ##
o...#########..†######
..
.o......##..........>.
##
.o..oo#.##.##>..######
.oo..oo..#.###.###
#o.#.# #...#
#..#h###.#.#####
#..oo..........## #
#...............#.#
#...#########.....#
#...#Wg....?#..##.# .
#...#sg###..#..# #.#
##...+..###..#..# ..
#####
#.[..+.....s.#..##.#
~~~~## ###
#....+..###..#.....#


You could see an orc priest and an orc.

Vanquished Creatures
  A phantom (D:3)
  An orc priest (D:3)
  A bombardier beetle (D:3)
  6 adders
  A dart slug (D:2)
  3 ribbon worms
  4 orcs (D:3)
  7 endoplasms
  2 giant cockroaches
  A goblin (D:2)
  2 hobgoblins (D:1)
  3 quokkas
  5 ball pythons
  8 bats
  7 frilled lizards
  6 kobolds
  4 rats
62 creatures vanquished.

Notes
Turn   | Place    | Note
-------+----------+-------------------------------------------
     0 | D:1      | GiantSquids the Octopode Shapeshifter began the quest for
                  | the Orb.
     0 | D:1      | Reached XP level 1. HP: 13/13 MP: 1/1
   106 | D:1      | Reached XP level 2. HP: 18/18 MP: 2/2
   445 | D:1      | Reached XP level 3. HP: 12/23 MP: 3/3
   874 | D:2      | Identified the +10 sling of the Brewing Viper {heavy, rElec
                  | Str+4}
   880 | D:2      | Found a faded altar of an unknown god.
   970 | D:2      | Reached XP level 4. HP: 28/28 MP: 4/4
  1240 | D:3      | Reached skill level 4 in Shapeshifting
  1278 | D:3      | Reached XP level 5. HP: 27/33 MP: 5/5
  1510 | D:3      | Found a runed translucent gate.
  1510 | D:3      | Found a runed translucent gate.
  1511 | D:3      | Found a runed translucent gate.
  1512 | D:3      | Noticed gribnar's ghost (weakling DESu)
  1604 | D:3      | Noticed a phantom
  1612 | D:3      | Killed a phantom
  1613 | D:3      | Reached skill level 5 in Shapeshifting
  1721 | D:3      | Noticed Terence
  1731 | D:3      | Reached XP level 6. HP: 22/38 MP: 6/6
  1738 | D:3      | Slain by an orc priest

Illustrated notes

Levels and vault maps discovered:
D:1:      psy_arrival_terrarium, layout_loops_ring, corexii_corridor_pit,
          chequers_serial_rivers_marsh
D:2:      layout_rooms, shapermc_ecumenical_altar_mp_urbaneastern,
          minmay_pentomino_r4
D:3:      cheibrodos_helix_gallery, layout_loops_ring, gammafunk_ghost_split,
          uniq_terence

Skill      XL: |  1  2  3  4  5 |
---------------+----------------+-----
Unarmed Combat | 4 |  4.3
Shapeshifting  | 4 5 |  5.5
Fighting       | |  1.0
Dodging        | |  2.0

Action                     |  1- 3 |  4- 6 || total
---------------------------+-------+-------++-------
  Melee: Unarmed           |    55 |       ||    55
         Constrict         |    19 |    16 ||    35
         Tentacles         |    14 |    15 ||    29
         Dagger            |    17 |    50 ||    67
   Stab: Sleeping          |     9 |     5 ||    14
 Armour: Skin              |    28 |    24 ||    52
  Dodge: Dodged            |    31 |    14 ||    45

Table legend: (Time is in decaauts)
 A = Elapsed time spent in this place.
 B = Non-inter-level travel time spent in this place.
 C = Inter-level travel time spent in this place.
 D = Time resting spent in this place.
 E = Time spent auto-exploring this place.
 F = Levels seen in this place.
 G = Mean time per level.
                   A        B        C        D        E       F      G
               +--------+--------+--------+--------+--------+-----+--------+
         Total |   1732 |   1686 |     46 |      0 |   1335 |   3 |  577.3 |
       Dungeon |   1732 |   1686 |     46 |      0 |   1335 |   3 |  577.3 |
               +--------+--------+--------+--------+--------+-----+--------+

Top non-repeatable levels by time:
     D:1: 735 daAuts
     D:3: 501 daAuts
     D:2: 496 daAuts
